| TOP OF THE 1ST |
|
Ohio State University Buckeyes batting - Pitching for Clemson University Tigers : RHP Cong Tung
|
|
Pitching: RHP Cong Tung
|
|
|
Batting: LHB Anthony Ross
|
0-0: Ball 1-0: Called Strike 1-1: Fly out, F8 (Flyball, 8LS, EV 93.1 MPH)
|
|
Batting: RHB Jacob Carrano
|
0-0: Called Strike 0-1: Foul Ball, location: 2F 0-2: Strikes out looking
|
|
Batting: LHB Tony Abascal
|
0-0: Ball 1-0: Ball 2-0: Swinging Strike 2-1: Called Strike 2-2: Strikes out swinging
|
| Top of the 1st over - 0 runs, 0 hits, 0 errors, 0 left on base; Ohio State University 0 - Clemson University 0 |
| BOTTOM OF THE 1ST |
|
Clemson University Tigers batting - Pitching for Ohio State University Buckeyes : RHP Ray Clark
|
|
Pitching: RHP Ray Clark
|
|
|
Batting: LHB Steve Gates
|
0-0: Ball 1-0: Foul Ball, location: 2F 1-1: Ball 2-1: Fly out, F8 (Line Drive, 8LM, EV 91.2 MPH)
|
|
Batting: LHB Santiago Carrillo
|
0-0: Ball 1-0: Ball 2-0: Called Strike 2-1: Ball 3-1: Hit by Pitch
|
|
Batting: RHB Marco Maggs
|
0-0: Foul Ball, location: 2F 0-1: Fly out, F4 (Popup, 4D, EV 53.8 MPH)
|
|
Batting: RHB Josh LeSage
|
0-0: Foul Ball, location: 2F 0-1: Swinging Strike 0-2: Fielders Choice at 2nd, 6-4 (Groundball, 6, EV 94.4 MPH)
|
| Bottom of the 1st over - 0 runs, 0 hits, 0 errors, 1 left on base; Ohio State University 0 - Clemson University 0 |
| TOP OF THE 2ND |
|
Ohio State University Buckeyes batting - Pitching for Clemson University Tigers : RHP Cong Tung
|
|
Batting: RHB Tristan Gimple
|
0-0: Called Strike 0-1: Foul Ball, location: 2F 0-2: Strikes out swinging
|
|
Batting: LHB Zach Brandt
|
0-0: Ground out 6-3 (Groundball, 6, EV 101.2 MPH)
|
|
Batting: LHB Adam Simpson
|
0-0: Ball 1-0: Hit by Pitch
|
|
Batting: RHB Marcelo Bardelli
|
0-0: Ball 1-0: Ball 2-0: Ball 3-0: Called Strike 3-1: Base on Balls Adam Simpson to second
|
|
Batting: LHB Ben Callaway
|
0-0: 3-RUN HOME RUN (Flyball, 9D, EV 98.8 MPH), Distance : 396 ft
|
|
Batting: LHB John King
|
0-0: SINGLE (Flyball, 6D, EV 91.9 MPH)
|
|
Batting: LHB Anthony Ross
|
0-0: Ball 1-0: Called Strike 1-1: Ball 2-1: Ball 3-1: Foul Ball, location: 2F 3-2: Base on Balls John King to second
|
|
Batting: RHB Jacob Carrano
|
0-0: Fly out, F8 (Line Drive, 8LD, EV 95.0 MPH)
|
| Top of the 2nd over - 3 runs, 2 hits, 0 errors, 2 left on base; Ohio State University 3 - Clemson University 0 |
| BOTTOM OF THE 2ND |
|
Clemson University Tigers batting - Pitching for Ohio State University Buckeyes : RHP Ray Clark
|
|
Batting: LHB Jochen Salt
|
0-0: DOUBLE (Line Drive, 89D, EV 113.1 MPH)
|
|
Batting: RHB Jason Duncan
|
0-0: Foul Ball, location: 2F 0-1: Reached on error, E6 (Groundball, 6S, EV 88.8 MPH) Jochen Salt scores
|
|
Batting: LHB George Jedinak
|
0-0: Called Strike 0-1: Ball 1-1: Foul Ball, location: 2F 1-2: Ball 2-2: Fly out, F8 (Flyball, 8RD, EV 102.5 MPH)
|
|
Batting: LHB Alfredo Padilla
|
0-0: Ball 1-0: Foul Ball, location: 2F 1-1: Foul Ball, location: 2F 1-2: SINGLE (Groundball, 6MD, EV 110.0 MPH) Jason Duncan to third
|
|
Batting: RHB Danny Gutierrez
|
0-0: Called Strike 0-1: SINGLE (Groundball, 6MS, EV 68.8 MPH) (infield hit) Jason Duncan scores Alfredo Padilla to second
|
|
Batting: LHB Steve Gates
|
0-0: Foul Ball, location: 2F 0-1: Ball 1-1: Swinging Strike 1-2: Strikes out swinging
|
|
Batting: LHB Santiago Carrillo
|
0-0: Called Strike 0-1: Ball 1-1: Ball 2-1: DOUBLE (Line Drive, 89XD, EV 112.5 MPH) Alfredo Padilla scores Danny Gutierrez to third Runner from 3rd tries for Home, SAFE, throw by CF to trailing runner, SAFE at third!
|
|
Batting: RHB Marco Maggs
|
0-0: Called Strike 0-1: Ball 1-1: Ball 2-1: SINGLE (Line Drive, 9LS, EV 105.6 MPH) Santiago Carrillo scores
|
|
Batting: RHB Josh LeSage
|
0-0: Ball 1-0: Ground out 5-3 (Groundball, 5S, EV 89.4 MPH)
|
| Bottom of the 2nd over - 5 runs, 5 hits, 1 error, 1 left on base; Ohio State University 3 - Clemson University 5 |
| TOP OF THE 3RD |
|
Ohio State University Buckeyes batting - Pitching for Clemson University Tigers : RHP Cong Tung
|
|
Batting: LHB Tony Abascal
|
0-0: Ball 1-0: Fly out, F9 (Line Drive, 89S, EV 106.9 MPH)
|
|
Batting: RHB Tristan Gimple
|
0-0: Ball 1-0: Foul Ball, location: 2F 1-1: Foul Ball, location: 2F 1-2: Strikes out looking
|
|
Batting: LHB Zach Brandt
|
0-0: Swinging Strike 0-1: SINGLE (Groundball, 4MD, EV 105.0 MPH)
|
|
Batting: LHB Adam Simpson
|
0-0: Ball 1-0: Swinging Strike 1-1: Ball 2-1: Ball 3-1: Base on Balls Zach Brandt to second
|
|
Batting: RHB Marcelo Bardelli
|
0-0: Ball 1-0: Fielders Choice at 2nd, 6-4 (Groundball, 6, EV 107.5 MPH)
|
| Top of the 3rd over - 0 runs, 1 hit, 0 errors, 2 left on base; Ohio State University 3 - Clemson University 5 |
| BOTTOM OF THE 3RD |
|
Clemson University Tigers batting - Pitching for Ohio State University Buckeyes : RHP Ray Clark
|
|
Batting: LHB Jochen Salt
|
0-0: Foul Ball, location: 2F 0-1: Foul Ball, location: 2F 0-2: SOLO HOME RUN (Line Drive, 9LD, EV 106.2 MPH), Distance : 384 ft
|
|
Batting: RHB Jason Duncan
|
0-0: Called Strike 0-1: Foul Ball, location: 2F 0-2: Ball 1-2: Foul Ball, location: 2F 1-2: Foul Ball, location: 2F 1-2: Ball 2-2: Fly out, F3 (Line Drive, 3, EV 74.4 MPH)
|
|
Batting: LHB George Jedinak
|
0-0: Ground out 5-3 (Groundball, 5, EV 85.6 MPH)
|
|
Batting: LHB Alfredo Padilla
|
0-0: Called Strike 0-1: Ball 1-1: Ball 2-1: Foul Ball, location: 2F 2-2: Strikes out looking
|
| Bottom of the 3rd over - 1 run, 1 hit, 0 errors, 0 left on base; Ohio State University 3 - Clemson University 6 |
| TOP OF THE 4TH |
|
Ohio State University Buckeyes batting - Pitching for Clemson University Tigers : RHP Cong Tung
|
|
Batting: LHB Ben Callaway
|
0-0: Ball 1-0: Called Strike 1-1: Called Strike 1-2: Fly out, F3 (Popup, 23F, EV 85.0 MPH)
|
|
Batting: LHB John King
|
0-0: Called Strike 0-1: Called Strike 0-2: Ball 1-2: Ball 2-2: Ball 3-2: Base on Balls
|
|
Batting: LHB Anthony Ross
|
0-0: Ball 1-0: Called Strike 1-1: Foul Ball, location: 2F 1-2: Foul Ball, location: 2F 1-2: Ball 2-2: Foul Ball, location: 2F 2-2: Ball 3-2: Foul Ball, location: 2F 3-2: Fly out, F9 (Flyball, 9D, EV 105.6 MPH)
|
|
Batting: RHB Jacob Carrano
|
0-0: Ball 1-0: Called Strike 1-1: Ball 2-1: Ball 3-1: Base on Balls John King to second
|
|
Batting: LHB Tony Abascal
|
0-0: Foul Ball, location: 2F 0-1: Ball 1-1: SINGLE (Groundball, 4S, EV 66.2 MPH) (infield hit) John King to third Jacob Carrano to second
|
|
Batting: RHB Tristan Gimple
|
0-0: Ball 1-0: Called Strike 1-1: Foul Ball, location: 2F 1-2: Ball 2-2: Ball 3-2: Strikes out swinging
|
| Top of the 4th over - 0 runs, 1 hit, 0 errors, 3 left on base; Ohio State University 3 - Clemson University 6 |
| BOTTOM OF THE 4TH |
|
Clemson University Tigers batting - Pitching for Ohio State University Buckeyes : RHP Ray Clark
|
|
Pitching: RHP Andy Hollis
|
|
|
Batting: RHB Danny Gutierrez
|
0-0: Ground out 1-3 (Groundball, 25, EV 65.0 MPH)
|
|
Batting: LHB Steve Gates
|
0-0: Called Strike 0-1: Ball 1-1: Ball 2-1: Ball 3-1: Base on Balls
|
|
Batting: LHB Santiago Carrillo
|
0-0: Called Strike 0-1: Swinging Strike 0-2: Strikes out swinging
|
|
Batting: RHB Marco Maggs
|
0-0: Ball 1-0: Ball 2-0: SINGLE (Line Drive, 34, EV 106.2 MPH) Steve Gates to second
|
|
Batting: RHB Josh LeSage
|
0-0: Ground out 3-1 (Groundball, 34, EV 105.6 MPH)
|
| Bottom of the 4th over - 0 runs, 1 hit, 0 errors, 2 left on base; Ohio State University 3 - Clemson University 6 |
| TOP OF THE 5TH |
|
Ohio State University Buckeyes batting - Pitching for Clemson University Tigers : RHP Cong Tung
|
|
Batting: LHB Zach Brandt
|
0-0: Ball 1-0: Foul Ball, location: 2F 1-1: Swinging Strike 1-2: Foul Ball, location: 2F 1-2: Strikes out swinging
|
|
Batting: LHB Adam Simpson
|
0-0: Ball 1-0: Ball 2-0: Called Strike 2-1: Ball 3-1: Called Strike 3-2: Strikes out swinging
|
|
Batting: RHB Marcelo Bardelli
|
0-0: Foul Ball, location: 2F 0-1: Ball 1-1: Ball 2-1: Foul Ball, location: 2F 2-2: Foul Ball, location: 2F 2-2: Strikes out swinging
|
| Top of the 5th over - 0 runs, 0 hits, 0 errors, 0 left on base; Ohio State University 3 - Clemson University 6 |
| BOTTOM OF THE 5TH |
|
Clemson University Tigers batting - Pitching for Ohio State University Buckeyes : RHP Andy Hollis
|
|
Batting: LHB Jochen Salt
|
0-0: Ball 1-0: Ball 2-0: Foul Ball, location: 2F 2-1: SINGLE (Groundball, 6M, EV 98.8 MPH) (infield hit)
|
|
Batting: RHB Jason Duncan
|
0-0: Called Strike 0-1: Swinging Strike 0-2: Foul Ball, location: 2F 0-2: Ball 1-2: Foul Ball, location: 2F 1-2: Ball 2-2: SINGLE (Line Drive, 6MD, EV 99.4 MPH) Jochen Salt to second Runner from 2nd tries for 3rd, SAFE, no throw by CF
|
|
Batting: LHB George Jedinak
|
0-0: Called Strike 0-1: 3-RUN HOME RUN (Flyball, 7D, EV 98.8 MPH), Distance : 382 ft
|
|
Pitching: RHP Kyle Collins
|
|
|
Batting: LHB Alfredo Padilla
|
0-0: Ball 1-0: Swinging Strike 1-1: Swinging Strike 1-2: Foul Ball, location: 2F 1-2: Ball 2-2: Strikes out swinging
|
|
Batting: RHB Danny Gutierrez
|
0-0: Fly out, F7 (Line Drive, 7, EV 90.6 MPH)
|
|
Batting: LHB Steve Gates
|
0-0: Called Strike 0-1: Ball 1-1: Called Strike 1-2: Ball 2-2: Ball 3-2: Strikes out looking
|
| Bottom of the 5th over - 3 runs, 3 hits, 0 errors, 0 left on base; Ohio State University 3 - Clemson University 9 |
| TOP OF THE 6TH |
|
Ohio State University Buckeyes batting - Pitching for Clemson University Tigers : RHP Cong Tung
|
|
Pitching: RHP Trevor Doyle
|
|
|
Batting: LHB Ben Callaway
|
0-0: Fly out, F8 (Flyball, 8RXD, EV 111.2 MPH)
|
|
Batting: LHB John King
|
0-0: Ball 1-0: Reached on error, E6 (Groundball, 56, EV 89.4 MPH)
|
|
Batting: LHB Anthony Ross
|
0-0: Ball 1-0: Called Strike 1-1: Ball 2-1: Foul Ball, location: 2F 2-2: Grounds into double play, 4-6-3 (Groundball, 34, EV 104.4 MPH)
|
| Top of the 6th over - 0 runs, 0 hits, 1 error, 0 left on base; Ohio State University 3 - Clemson University 9 |
| BOTTOM OF THE 6TH |
|
Clemson University Tigers batting - Pitching for Ohio State University Buckeyes : RHP Kyle Collins
|
|
Batting: LHB Santiago Carrillo
|
0-0: Called Strike 0-1: Ball 1-1: Ball 2-1: Fly out, F9 (Flyball, 9S, EV 84.4 MPH)
|
|
Batting: RHB Marco Maggs
|
0-0: Ball 1-0: Foul Ball, location: 2F 1-1: Ball 2-1: Ball 3-1: Base on Balls
|
|
Batting: RHB Josh LeSage
|
0-0: Called Strike 0-1: Foul Ball, location: 2F 0-2: Ball Marco Maggs steals 2nd, throwing error, E2 Marco Maggs to third 1-2: Foul Ball, location: 2F 1-2: Ball 2-2: Ball 3-2: Base on Balls
|
|
Batting: LHB Jochen Salt
|
0-0: Swinging Strike 0-1: Ball 1-1: Ball 2-1: Ball 3-1: Base on Balls Josh LeSage to second
|
|
Pitching: LHP Adrien Leroy
|
|
|
Batting: RHB Jason Duncan
|
0-0: Called Strike 0-1: Foul Ball, location: 2F 0-2: GRAND SLAM HOME RUN (Flyball, 7LD, EV 99.4 MPH), Distance : 368 ft
|
|
Batting: LHB George Jedinak
|
0-0: Ball 1-0: Fly out, F8 (Flyball, 89S, EV 83.8 MPH)
|
|
Batting: LHB Alfredo Padilla
|
0-0: Ball 1-0: Ground out 6-3 (Groundball, 6, EV 83.8 MPH)
|
| Bottom of the 6th over - 4 runs, 1 hit, 1 error, 0 left on base; Ohio State University 3 - Clemson University 13 |
| TOP OF THE 7TH |
|
Ohio State University Buckeyes batting - Pitching for Clemson University Tigers : RHP Trevor Doyle
|
|
Batting: RHB Jacob Carrano
|
0-0: Ball 1-0: Foul Ball, location: 2F 1-1: Swinging Strike 1-2: Ball 2-2: Ball 3-2: Strikes out swinging
|
|
Batting: LHB Tony Abascal
|
0-0: Foul Ball, location: 2F 0-1: Swinging Strike 0-2: Ball 1-2: Strikes out swinging
|
|
Pinch Hitting: RHB Josh Dinsmore
|
0-0: Ball 1-0: Foul Ball, location: 2F 1-1: Called Strike 1-2: Foul Ball, location: 2F 1-2: Strikes out swinging
|
| Top of the 7th over - 0 runs, 0 hits, 0 errors, 0 left on base; Ohio State University 3 - Clemson University 13 |
| BOTTOM OF THE 7TH |
|
Clemson University Tigers batting - Pitching for Ohio State University Buckeyes : LHP Adrien Leroy
|
|
Now at 1B: Masatoshi Mori
|
|
|
Batting: RHB Danny Gutierrez
|
0-0: Ball 1-0: Called Strike 1-1: Called Strike 1-2: Ground out 4-3 (Groundball, 4, EV 83.8 MPH)
|
|
Batting: LHB Steve Gates
|
0-0: Ball 1-0: Called Strike 1-1: Called Strike 1-2: Fly out, F8 (Flyball, 8LD, EV 99.4 MPH)
|
|
Batting: LHB Santiago Carrillo
|
0-0: Swinging Strike 0-1: Ball 1-1: Ball 2-1: SINGLE (Line Drive, 6MD, EV 98.1 MPH)
|
|
Batting: RHB Marco Maggs
|
0-0: Swinging Strike 0-1: Fly out, F4 (Flyball, 4D, EV 87.5 MPH)
|
| Bottom of the 7th over - 0 runs, 1 hit, 0 errors, 1 left on base; Ohio State University 3 - Clemson University 13 |
| TOP OF THE 8TH |
|
Ohio State University Buckeyes batting - Pitching for Clemson University Tigers : RHP Trevor Doyle
|
|
Batting: LHB Zach Brandt
|
0-0: Fly out, F7 (Flyball, 78M, EV 80.0 MPH)
|
|
Batting: LHB Adam Simpson
|
0-0: Swinging Strike 0-1: Foul Ball, location: 2F 0-2: Strikes out swinging
|
|
Batting: RHB Marcelo Bardelli
|
0-0: Ball 1-0: Ball 2-0: Ground out 5-3 (Groundball, 5S, EV 83.8 MPH)
|
| Top of the 8th over - 0 runs, 0 hits, 0 errors, 0 left on base; Ohio State University 3 - Clemson University 13 |
| BOTTOM OF THE 8TH |
|
Clemson University Tigers batting - Pitching for Ohio State University Buckeyes : LHP Adrien Leroy
|
|
Batting: RHB Josh LeSage
|
0-0: Foul Ball, location: 2F 0-1: Foul Ball, location: 2F 0-2: Ball 1-2: TRIPLE (Flyball, 78XD, EV 100.0 MPH)
|
|
Batting: LHB Jochen Salt
|
0-0: Fly out, F4 (Popup, 4D, EV 65.6 MPH)
|
|
Batting: RHB Jason Duncan
|
0-0: Swinging Strike 0-1: Swinging Strike 0-2: Strikes out looking
|
|
Batting: LHB George Jedinak
|
0-0: Foul Ball, location: 2F 0-1: Ball 1-1: Ball 2-1: Ball 3-1: Foul Ball, location: 2F 3-2: SINGLE (Line Drive, 78S, EV 98.8 MPH) Josh LeSage scores
|
|
Batting: LHB Alfredo Padilla
|
0-0: Foul Ball, location: 2F 0-1: Ball 1-1: Ground out 4-3 (Groundball, 4, EV 83.1 MPH)
|
| Bottom of the 8th over - 1 run, 2 hits, 0 errors, 1 left on base; Ohio State University 3 - Clemson University 14 |
| TOP OF THE 9TH |
|
Ohio State University Buckeyes batting - Pitching for Clemson University Tigers : RHP Trevor Doyle
|
|
Pitching: RHP John Sweet
|
|
|
Batting: LHB Ben Callaway
|
0-0: Foul Ball, location: 2F 0-1: Ball 1-1: Fly out, F7 (Flyball, 7, EV 91.2 MPH)
|
|
Pinch Hitting: RHB David Guillen
|
0-0: Ground out 5-3 (Groundball, 56, EV 83.8 MPH)
|
|
Batting: LHB Anthony Ross
|
0-0: Called Strike 0-1: Swinging Strike 0-2: Strikes out looking
|
| Top of the 9th over - 0 runs, 0 hits, 0 errors, 0 left on base; Ohio State University 3 - Clemson University 14 |
|